Map: [ESL] Dragon Scales

Players

SKillous - Winner!

  • Race: Protoss Protoss
  • League: Grandmaster
  • Spawn Location: 5:00

Fjant

  • Race: Zerg Zerg
  • League: Grandmaster
  • Spawn Location: 11:00

Event: HomeStory Cup XXIII

VOD

Have the link to the VOD?

Description

Time

  • Played on: June 30, 2023, 1:17 p.m.
  • Length: 9:46

All games in this series

Show
View Real Time Build Order
Export as new Build Order

SKillous Protoss - Winner!

Build Orders: 1 Gate Expand, Mass Adepts 

Get SALT Encoding   

  12  0:00  Probe  
  13  0:14  Pylon  
  13  0:18  Probe  
  14  0:30  Probe (Chrono Boost)  
  15  0:37  Gateway  
  15  0:41  Probe (Chrono Boost)  
  16  0:46  Probe (Chrono Boost), Assimilator  
  18  0:57  Probe  
  18  1:09  Probe  
  19  1:21  Probe  
  20  1:28  Nexus  
  20  1:35  Cybernetics Core  
  20  1:38  Probe  
  21  1:43  Assimilator  
  21  1:50  Probe  
  21  1:52  Pylon  
  22  2:01  Probe  
  23  2:09  Adept (Chrono Boost)  
  23  2:10  Probe  
  23  2:11  Warp Gate  
  26  2:18  Probe  
  27  2:23  Twilight Council  
  27  2:32  Stalker  
  29  2:40  Probe (Chrono Boost)  
  29  2:41  Probe (Chrono Boost)  
  31  2:49  Probe (Chrono Boost)  
  33  2:52  Probe (Chrono Boost)  
  33  2:54  Probe (Chrono Boost), Robotics Facility  
  34  3:01  Probe  
  34  3:04  Gateway  
  35  3:07  Resonating Glaives (Chrono Boost)  
  35  3:08  Probe  
  36  3:15  Probe  
  36  3:16  Adept  
  39  3:21  Probe  
  40  3:28  Gateway  
  40  3:30  Gateway  
  40  3:33  Probe  
  41  3:39  Warp Prism (Chrono Boost)  
  41  3:45  Pylon  
  41  3:47  Probe  
  44  3:48  Probe  
  44  3:52  Pylon  
  45  3:59  Probe  
  46  4:03  Adept, Pylon  
  46  4:06  Adept  
  50  4:10  Observer  
  50  4:12  Probe  
  52  4:17  Shield Battery  
  52  4:25  Adept x3  
  52  4:26  Adept  
  52  4:31  Pylon  
  58  4:47  Adept x4  
  64  4:56  Nexus  
  64  4:59  Pylon  
  59  5:00  Probe  
  55  5:12  Assimilator  
  55  5:13  Adept x3  
  59  5:14  Adept  
  59  5:19  Probe  
  59  5:20  Probe  
  63  5:32  Probe x2  
  63  5:33  Adept  
  65  5:36  Adept x3  
  71  5:44  Probe x2, Blink (Chrono Boost)  
  71  5:56  Probe  
  71  5:57  Nexus  
  71  5:58  Pylon  
  71  6:06  Assimilator  
  71  6:08  Probe  
  71  6:09  Stalker  
  71  6:10  Stalker x2  
  77  6:18  Stalker  
  79  6:21  Pylon  
  79  6:24  Probe, Forge  
  79  6:25  Probe  
  73  6:34  Adept  
  73  6:35  Stalker x2  
  71  6:40  Probe  
  71  6:41  Probe  
  71  6:48  Stalker  
  71  6:52  Probe  
  71  6:53  Probe  
  75  6:55  Stalker  
  75  6:58  Stalker x2  
  81  7:04  Probe  
  81  7:05  Probe  
  79  7:12  Protoss Ground Weapons Level 1 (Chrono Boost)  
  79  7:13  Stalker  
  81  7:16  Probe  
  81  7:17  Gateway x2  
  81  7:18  Stalker  
  81  7:19  Probe  
  81  7:22  Shield Battery  
  85  7:27  Stalker  
  85  7:29  Stalker  
  89  7:31  Probe  
  90  7:40  Observer  
  90  7:43  Stalker x2  
  94  7:50  Pylon x2  
  94  7:51  Pylon  
  94  7:54  Pylon  
  94  8:05  Assimilator  
  94  8:07  Probe  
  94  8:08  Probe x2, Assimilator  
  94  8:10  Stalker x4  
  101  8:18  Shield Battery  
  101  8:23  Probe  
  99  8:28  Immortal  
  99  8:29  Probe  
  99  8:32  Stalker x2  
  108  8:37  Stalker x2  
  108  8:38  Stalker  
  104  8:41  Probe (Chrono Boost)  
  105  8:52  Probe (Chrono Boost)  
  105  8:53  Stalker  
  105  8:54  Probe (Chrono Boost)  
  105  8:55  Photon Cannon  
  107  8:57  Pylon  
  107  8:58  Stalker x2  
  111  9:03  Pylon, Stalker  
  113  9:19  Adept x3  
  113  9:21  Zealot x2  
  111  9:33  Probe x2  
  111  9:34  Stalker  
Show
View Real Time Build Order
Export as new Build Order

Fjant Zerg 

Build Orders: Hatch First 

Get SALT Encoding   

  12  0:00  Drone  
  13  0:14  Overlord  
  13  0:19  Drone  
  14  0:34  Drone x2  
  16  0:46  Drone  
  17  0:53  Drone  
  17  0:55  Hatchery  
  17  1:02  Drone  
  17  1:03  Extractor  
  17  1:16  Spawning Pool  
  17  1:18  Drone  
  17  1:21  Drone  
  18  1:30  Drone  
  19  1:45  Drone  
  20  1:51  Overlord  
  20  2:03  Zergling x2  
  20  2:06  Queen  
  23  2:09  Queen  
  23  2:10  Zergling x2  
  23  2:14  Metabolic Boost  
  26  2:22  Drone x2  
  28  2:24  Drone  
  28  2:28  Drone  
  30  2:41  Drone  
  30  2:42  Hatchery, Drone  
  31  2:54  Drone  
  31  2:56  Queen  
  31  2:58  Zergling x2  
  35  3:01  Overlord  
  35  3:11  Drone  
  35  3:20  Drone x4  
  35  3:21  Drone x2  
  35  3:23  Overlord  
  41  3:27  Queen  
  43  3:35  Roach Warren  
  43  3:38  Overlord  
  43  3:40  Overlord  
  42  3:43  Drone x2  
  42  3:47  Drone  
  45  3:50  Drone  
  46  3:55  Drone x2  
  48  4:04  Zergling x2  
  48  4:05  Zergling x8  
  48  4:07  Queen  
  54  4:16  Roach x3  
  60  4:18  Roach  
  60  4:21  Roach  
  60  4:22  Zergling x2  
  65  4:30  Zergling x10  
  70  4:33  Roach  
  72  4:41  Zergling x4  
  72  4:42  Zergling x4  
  71  4:52  Zergling x6  
  70  4:54  Zergling x2  
  70  4:57  Zergling x2  
  67  5:01  Zergling x2  
  67  5:04  Drone  
  65  5:11  Zergling x4  
  66  5:16  Lair  
  66  5:19  Extractor  
  66  5:21  Zergling x6  
  68  5:23  Queen  
  68  5:35  Zergling x8  
  64  5:49  Roach x4  
  68  5:56  Queen, Zergling x8  
  72  6:02  Zergling x2  
  72  6:03  Zergling x2  
  74  6:06  Overlord  
  74  6:10  Overlord  
  74  6:16  Zergling x2  
  74  6:24  Zergling x4  
  67  6:34  Zergling x12  
  65  6:41  Zergling x4  
  65  6:45  Glial Reconstitution  
  62  6:50  Zergling x8  
  65  6:54  Roach x2  
  69  7:03  Roach x3  
  69  7:05  Roach  
  76  7:09  Overlord  
  76  7:20  Overlord  
  76  7:21  Overlord  
  76  7:28  Zergling x12  
  81  7:42  Zergling x8  
  86  7:44  Zergling x6  
  86  7:48  Zergling x8  
  86  7:52  Ravager x3  
  86  7:53  Zergling x2  
  86  7:55  Zergling x2  
  86  7:56  Ravager  
  89  7:58  Zergling x2  
  89  8:03  Zergling x2  
  91  8:06  Zergling x2  
  91  8:08  Zergling x2  
  91  8:12  Zergling x6  
  95  8:17  Zergling x6  
  95  8:21  Zergling x6  
  94  8:30  Roach x2  
  89  8:34  Zergling x2  
  89  8:39  Zergling x4  
  84  8:42  Drone x4  
  68  8:55  Drone x3  
  71  9:02  Roach  
  73  9:04  Roach x2  
  73  9:08  Roach, Evolution Chamber  
  73  9:09  Roach x2  
  82  9:11  Roach  
  82  9:12  Overlord  
  82  9:13  Roach x2  
  83  9:18  Roach x2  
Tags
 
Add a new tag
Caveats
  • Supply blocks, unpowered buildings, or Contaminate may cause inaccurate times.
  • Supply counts are checked every 10 seconds.